 Dungeon Crawl Stone Soup version 0.20-a0-828-gbdc6353 (webtiles) character file.

212 Aksej the Sneak (level 5, 0/28 HPs)
             Began as a Spriggan Monk on Mar 6, 2017.
             Slain by a worm (10 damage)
             ... on level 2 of the Dungeon.
             The game lasted 00:02:36 (1193 turns).

Aksej the Sneak (Spriggan Monk)                     Turns: 1193, Time: 00:02:37

Health: 0/28       AC:  2    Str:  7    XL:     5   Next: 58%
Magic:  6/6        EV: 27    Int: 11    God:
Gold:   79         SH:  0    Dex: 25    Spells: 4/4 levels left

rFire    . . .     SeeInvis +   a - +0 short sword
rCold    + . .     Gourm    .   b - +0 robe
rNeg     . . .     Faith    .   (shield restricted)
rPois    .         Spirit   .   (helmet restricted)
rElec    .         Reflect  .   f - scarf {rC+}
rCorr    .         Harm     .   (gloves unavailable)
MR       .....                  (boots unavailable)
Stlth    ++++++....             (no amulet)
Regen    0.1/turn               (no ring)
MPRegen  0.1/turn               e - ring of stealth

@: agile, very quick
A: unfitting armour, see invisible, herbivore 3, speed 3, slow metabolism 2
a: no special abilities


You were on level 2 of the Dungeon.
You were not hungry.

You visited 1 branch of the dungeon, and saw 2 of its levels.

You collected 79 gold pieces.

Inventory:

Hand Weapons
 a - a +0 short sword (weapon)
Armour
 b - a +0 robe (worn)
 f - a scarf of cold resistance (worn)
Jewellery
 e - a ring of stealth (left hand)
 j - a cursed amulet of inaccuracy {unknown}
Scrolls
 h - 2 scrolls of recharging
Potions
 d - a potion of berserk rage {unknown}
Comestibles
 c - a bread ration
 i - a royal jelly


   Skills:
 + Level 2.9 Fighting
 * Level 5.4 Short Blades
 + Level 5.1 Dodging
 + Level 5.4 Stealth


You had 4 spell levels left.
You didn't know any spells.

Dungeon Overview and Level Annotations

Branches:
Dungeon (2/15)

Altars:
Ashenzari


Innate Abilities, Weirdness & Mutations

You are very small and have problems with some larger weapons.
You are too small for most types of armour.
You have supernaturally acute eyesight. (SInv)
You are a herbivore.
You cover ground extremely quickly.
You need consume almost no food.


Message History

The worm is moderately wounded.
The worm bites you!
You feel agile all of a sudden.
You hit the worm but do no damage.
The worm is lightly wounded.
The worm misses you.
You barely miss the worm.
The worm is lightly wounded.
You hit the worm.
The worm is moderately wounded.
The worm bites you but does no damage.
You hit the worm but do no damage.
The worm is moderately wounded.
The worm completely misses you.
You barely miss the worm.
The worm is moderately wounded.
You hit the worm.
The worm is heavily wounded.
The worm bites you!
You die...

#.# #......#
#.#....##.# #.#
#...÷<[#
#.#.##.##.##
..# ##...###
#.#.##...†.#
### ##.##
#......##...
#######.#
###........)
#......÷#
#######...
#.#####.#######
####
#.......w##
#..###..@.#
#..# #..#..#
#... #....#.#
#.#. #.#### .#
#> . ..# .# #.
....# # #.
...#. ....


You could see a worm.

Vanquished Creatures
  Sigmund (D:2)
  An adder (D:2)
  2 dart slugs
  A leopard gecko (D:2)
  5 bats
  2 giant cockroaches (D:1)
  2 goblins (D:1)
  6 hobgoblins
  3 kobolds
  2 frilled lizards (D:2)
  3 rats
28 creatures vanquished.

Notes
Turn   | Place    | Note
-------+----------+-------------------------------------------
     0 | D:1      | Aksej the Spriggan Monk began the quest for the Orb.
     0 | D:1      | Reached XP level 1. HP: 11/11 MP: 2/2
   146 | D:1      | Reached XP level 2. HP: 15/16 MP: 3/3
   653 | D:1      | Reached XP level 3. HP: 19/19 MP: 4/4
   799 | D:2      | Found a shattered altar of Ashenzari.
   822 | D:2      | Noticed Sigmund
   838 | D:2      | Killed Sigmund
   838 | D:2      | Reached skill level 5 in Short Blades
   838 | D:2      | Reached skill level 5 in Dodging
   838 | D:2      | Reached skill level 5 in Stealth
   838 | D:2      | Reached XP level 4. HP: 11/23 MP: 5/5
   838 | D:2      | Reached XP level 5. HP: 14/28 MP: 6/6
  1193 | D:2      | Slain by a worm

Vault maps used:
D:1:      enne_arrival_octagon_isle, minmay_tromino_i4
D:2:      overflow_temple_1_default, uniq_sigmund

Skill      XL: |  1  2  3 |
---------------+----------+-----
Short Blades   | 4 5 |  5.4
Dodging        | 5 |  5.1
Stealth        | 5 |  5.4
Fighting       | |  2.9

Action                   |  1- 3 |  4- 6 || total
-------------------------+-------+-------++-------
Melee: Short sword       |    57 |    30 ||    87
  Use: Scroll            |     3 |     1 ||     4
       Potion            |     3 |     1 ||     4
 Stab: Sleeping          |    11 |       ||    11
Armor: Robe              |     2 |     2 ||     4
Dodge: Dodged            |    38 |    11 ||    49
